[Event "42nd Olympiad Baku 2016 Women"]
[Site "Baku"]
[Date "2016.09.08"]
[Round "6.4"]
[White "Nemcova, Katerina"]
[Black "Isgandarova, Khayala"]
[Result "1-0"]
[ECO "B15"]
[WhiteElo "2365"]
[BlackElo "2188"]
[Annotator ""]
[PlyCount "75"]
[EventDate "2016.??.??"]
[EventType "team-tourn"]
[EventCountry "AZE"]
[SourceTitle "playchess.com"]
[Source "ChessBase"]
[WhiteTeam "United States"]
[BlackTeam "Turkey"]
[WhiteTeamCountry "USA"]
[BlackTeamCountry "TUR"]
[TimeControl "40/5400+30:1800+30"]

1. e4 {(00:00} c6 {(00:00} 2. d4 {(00:00} d5 {(
00:00} 3. Nd2 {(00:00} dxe4 {(00:00} 4. Nxe4 {(00:07}
Nf6 {(00:00} 5. Nxf6+ {(00:12} exf6 {(00:18} 6. c3 {
(00:15} Bd6 {(00:08} 7. Bd3 {(00:12} Qc7 {(00:
56} 8. Ne2 {(11:22} O-O {(00:10} 9. Qc2 {(00:24} h6 {
(00:21} 10. h3 {(00:19} Re8 {(00:54} 11. O-O {(
02:50} Nd7 {(00:39} 12. Be3 {(05:04} Nf8 {(19:08} 13.
c4 {(01:54} c5 {(02:31} 14. Nc3 {(08:39} cxd4 {(
09:41} 15. Bxd4 {(17:19} Ne6 {(05:25} 16. Be3 {(01:51}
Bf4 {(19:45} 17. Nd5 {(03:01} Qb8 {(04:09} 18. Rae1 {
(07:56} Bd7 {(05:01} 19. Qd2 {(04:56} Bxe3 {(11:
27} 20. Rxe3 {(00:28} Bc6 {(03:52} 21. Rfe1 {(12:32}
Qd8 {(05:30} 22. Bf5 {(05:25} Nc7 {(09:14} 23. Ne7+ {
(03:48} Kh8 {(00:07} 24. Rd3 {(00:32} Qxe7 {(00:
53} 25. Rxe7 {(00:14} Rxe7 {(00:04} 26. Rd8+ {(05:26}
Re8 {(00:22} 27. Rd6 {(01:01} Ne6 {(01:25} 28. b4 {
(00:30} a6 {(00:44} 29. h4 {(01:00} Rad8 {(00:
53} 30. f3 {(04:12} Rxd6 {(00:39} 31. Qxd6 {(00:05} g6
{(00:38} 32. Be4 {(01:42} Bxe4 {(00:31} 33. fxe4 {
(00:05} Kg7 {(00:12} 34. Qd7 {(01:30} Rd8 {(00:
49} 35. Qxb7 {(00:18} g5 {(00:24} 36. hxg5 {(00:26}
hxg5 {(00:03} 37. c5 {(00:47} Nf4 {(00:13} 38. c6 {
(01:06} 1-0

[Event "42nd Olympiad Baku 2016 Women"]
[Site "Baku"]
[Date "2016.09.08"]
[Round "6.20"]
[White "Nguyen, Thi Thanh An"]
[Black "Kulon, Klaudia"]
[Result "0-1"]
[ECO "E81"]
[WhiteElo "2249"]
[BlackElo "2346"]
[Annotator ""]
[PlyCount "102"]
[EventDate "2016.??.??"]
[EventType "team-tourn"]
[EventCountry "AZE"]
[SourceTitle "playchess.com"]
[Source "ChessBase"]
[WhiteTeam "Vietnam"]
[BlackTeam "Poland"]
[WhiteTeamCountry "VIE"]
[BlackTeamCountry "POL"]
[TimeControl "40/5400+30:1800+30"]

1. d4 {(00:00} Nf6 {(00:00} 2. c4 {(00:00} g6 {(
00:00} 3. Nc3 {(00:00} Bg7 {(00:00} 4. e4 {(00:00} d6
{(00:05} 5. f3 {(00:07} O-O {(00:14} 6. Be3 {(
00:05} c5 {(00:43} 7. dxc5 {(00:33} dxc5 {(00:03} 8.
Qxd8 {(00:06} Rxd8 {(00:03} 9. Bxc5 {(00:08} Nc6 {
(00:52} 10. Nd5 {(00:16} Nd7 {(08:55} 11. Ba3 {(
00:27} e6 {(02:58} 12. Nc7 {(01:18} Rb8 {(00:26} 13.
Rd1 {(00:09} b6 {(19:09} 14. Nb5 {(13:12} a6 {(
09:12} 15. Nc3 {(04:40} Nc5 {(06:46} 16. Rxd8+ {(02:08]
} Nxd8 {(00:01} 17. Kd2 {(07:29} Nc6 {(05:30} 18. b4 {
(09:05} Nd7 {(00:13} 19. b5 {(03:16} axb5 {(05:
09} 20. cxb5 {(03:40} Ra8 {(01:16} 21. Bb2 {(15:44}
Nd4 {(02:47} 22. f4 {(01:46} e5 {(04:19} 23. Bc4 {
(08:34} Bb7 {(02:03} 24. Nf3 {(08:36} exf4 {(02:
30} 25. Nxd4 {(05:22} Bxd4 {(00:06} 26. Rd1 {(00:55}
Rc8 {(11:44} 27. Bd5 {(03:11} Bxc3+ {(02:07} 28. Bxc3 {
(00:06} Bxd5 {(00:03} 29. exd5 {(00:09} Rc5 {(
00:06} 30. a4 {(01:06} Rc4 {(03:54} 31. Re1 {(02:46}
Kf8 {(00:57} 32. a5 {(00:58} bxa5 {(00:11} 33. Bxa5 {
(04:28} Rd4+ {(01:14} 34. Kc3 {(00:10} Rxd5 {(
00:22} 35. Kc4 {(00:41} Rc5+ {(00:27} 36. Kb4 {(00:08}
Rc2 {(00:38} 37. Kb3 {(04:50} Rxg2 {(01:33} 38. b6 {
(00:24} f3 {(03:27} 39. b7 {(00:19} Nc5+ {(00:
12} 40. Kc4 {(00:00} Nxb7 {(00:00} 41. Bb4+ {(00:46}
Kg7 {(00:20} 42. Bc3+ {(02:11} Kh6 {(01:08} 43. Be5 {
(06:31} g5 {(01:30} 44. Kd3 {(05:57} Nc5+ {(03:
07} 45. Ke3 {(00:15} g4 {(00:26} 46. Bg3 {(01:48} Kg6
{(00:20} 47. Rb1 {(00:29} Re2+ {(00:35} 48. Kd4 {
(00:34} Ne4 {(00:17} 49. Bf4 {(00:20} f2 {(01:
00} 50. Be3 {(01:59} Re1 {(00:55} 51. Rb6+ {(00:06} f6
{(00:04} 0-1

[Event "42nd Olympiad Baku 2016 Women"]
[Site "Baku"]
[Date "2016.09.08"]
[Round "6.27"]
[White "Nikolova, Adriana"]
[Black "Motycakova, Monika"]
[Result "1/2-1/2"]
[ECO "C49"]
[WhiteElo "2358"]
[BlackElo "2109"]
[Annotator ""]
[PlyCount "82"]
[EventDate "2016.??.??"]
[EventType "team-tourn"]
[EventCountry "AZE"]
[SourceTitle "playchess.com"]
[Source "ChessBase"]
[WhiteTeam "Bulgaria"]
[BlackTeam "Slovakia"]
[WhiteTeamCountry "BUL"]
[BlackTeamCountry "SVK"]
[TimeControl "40/5400+30:1800+30"]

1. e4 {(00:00} e5 {(00:00} 2. Nf3 {(00:00} Nc6 {
(00:00} 3. Nc3 {(00:00} Nf6 {(00:00} 4. Bb5 {(
00:03} Bb4 {(00:15} 5. O-O {(00:15} O-O {(00:09} 6. d3
{(00:03} d6 {(00:31} 7. Bg5 {(00:16} Ne7 {(00:
33} 8. Nh4 {(07:33} c6 {(01:30} 9. Ba4 {(02:12} Ng6 {
(17:39} 10. Bb3 {(02:46} Kh8 {(06:33} 11. Qf3 {(
09:10} h6 {(24:37} 12. Bxf6 {(01:03} Qxf6 {(09:09} 13.
Qxf6 {(00:34} gxf6 {(00:02} 14. Nf5 {(02:49} Bxf5 {
(03:48} 15. exf5 {(02:44} Ne7 {(03:54} 16. Ne4 {
(14:27} Nxf5 {(06:45} 17. c3 {(00:54} Ba5 {(02:
30} 18. Nxf6 {(04:27} Kg7 {(03:31} 19. Nh5+ {(05:17}
Kg6 {(01:57} 20. g4 {(10:03} Ng7 {(03:18} 21. f4 {
(09:36} Nxh5 {(05:41} 22. gxh5+ {(00:04} Kg7 {(
00:38} 23. fxe5 {(00:06} dxe5 {(00:11} 24. Rf5 {(00:13]
} Bb6+ {(02:24} 25. Kg2 {(00:20} f6 {(04:06} 26. Kf3 {
(05:06} Rad8 {(01:33} 27. Ke4 {(00:25} Rd7 {(01:
22} 28. Raf1 {(00:16} Bd8 {(00:50} 29. R1f3 {(04:21}
Re8 {(00:16} 30. Rg3+ {(01:09} Kh7 {(00:02} 31. Rg6 {
(01:34} Rg7 {(01:03} 32. Rxg7+ {(02:32} Kxg7 {(
00:01} 33. Rf2 {(00:53} Re7 {(01:03} 34. Bd1 {(02:44}
Rc7 {(00:30} 35. Bg4 {(03:37} Kf8 {(00:18} 36. Bf5 {
(01:27} Rg7 {(00:28} 37. Bg6 {(00:04} Ke7 {(00:
15} 38. Kf5 {(00:25} Bc7 {(00:36} 39. d4 {(01:22} Rg8
{(00:23} 40. Re2 {(00:00} Bb8 {(00:00} 41. h3 {(
05:54} Bc7 {(03:03} 1/2-1/2

[Event "42nd Olympiad Baku 2016 Women"]
[Site "Baku"]
[Date "2016.09.08"]
[Round "6.31"]
[White "Nikolovska, Dragana"]
[Black "Menon Jayadev, Poornima"]
[Result "1-0"]
[ECO "C07"]
[WhiteElo "1886"]
[BlackElo "1837"]
[Annotator ""]
[PlyCount "139"]
[EventDate "2016.??.??"]
[EventType "team-tourn"]
[EventCountry "AZE"]
[SourceTitle "playchess.com"]
[Source "ChessBase"]
[WhiteTeam "Macedonia"]
[BlackTeam "Ireland"]
[WhiteTeamCountry "MKD"]
[BlackTeamCountry "IRL"]
[TimeControl "40/5400+30:1800+30"]

1. e4 {(00:00} e6 {(00:00} 2. d4 {(00:00} d5 {(
00:00} 3. Nd2 {(00:00} c5 {(00:23} 4. exd5 {(01:40}
Qxd5 {(00:21} 5. Ngf3 {(01:08} Nf6 {(11:59} 6. Bc4 {
(02:27} Qd6 {(01:56} 7. dxc5 {(13:42} Qxc5 {(00:
57} 8. Qe2 {(00:44} Nbd7 {(17:15} 9. Nb3 {(05:16} Qc7
{(05:10} 10. O-O {(12:46} Nc5 {(11:03} 11. Nbd4 {
(02:45} a6 {(03:47} 12. a4 {(04:39} Bd6 {(05:48]
} 13. Nf5 {(03:05} O-O {(00:42} 14. Nxd6 {(00:29} Qxd6
{(00:17} 15. b4 {(03:21} Ncd7 {(07:04} 16. Ba3 {
(07:01} Qc7 {(01:22} 17. Rfd1 {(02:37} Nb6 {(02:
32} 18. Bb3 {(01:46} Nbd5 {(01:06} 19. Qe5 {(12:24}
Qxe5 {(02:36} 20. Nxe5 {(00:04} b5 {(03:18} 21. axb5 {
(01:28} axb5 {(00:08} 22. c4 {(01:11} bxc4 {(03:
03} 23. Bxc4 {(01:05} Bb7 {(03:22} 24. b5 {(02:02}
Rfc8 {(03:35} 25. Bf1 {(00:32} g6 {(05:22} 26. Bb2 {
(02:42} Kf8 {(03:32} 27. Nc4 {(06:16} Rxa1 {(01:
53} 28. Rxa1 {(00:30} Ra8 {(01:30} 29. Nd6 {(04:35}
Rxa1 {(01:06} 30. Bxa1 {(00:06} Ba8 {(00:13} 31. b6 {
(07:42} Nxb6 {(01:37} 32. Bxf6 {(00:10} Nd5 {(
00:17} 33. Bd4 {(00:25} Bc6 {(01:01} 34. Bb5 {(00:27}
Bxb5 {(00:13} 35. Nxb5 {(00:04} Ke7 {(00:28} 36. Kf1 {
(00:21} Kd7 {(00:52} 37. Ke2 {(00:27} Kc6 {(00:
53} 38. Nc3 {(00:28} Ne7 {(00:30} 39. Kd3 {(00:23} f5
{(00:20} 40. Ke3 {(00:00} Kd6 {(00:00} 41. Kf4 {
(05:49} Nc6 {(03:14} 42. Bg7 {(00:53} Ke7 {(05:
41} 43. Kg5 {(04:11} Kf7 {(07:49} 44. Kh6 {(00:15} Kg8
{(00:24} 45. Nb5 {(02:55} Nd8 {(03:30} 46. Nd6 {
(00:37} Nc6 {(02:36} 47. Ne8 {(00:58} Nb4 {(01:
16} 48. Nf6+ {(00:51} Kf7 {(00:33} 49. Nxh7 {(00:20}
Nd3 {(00:16} 50. Bd4 {(01:14} e5 {(00:53} 51. Bb6 {
(00:35} e4 {(03:28} 52. Ng5+ {(00:48} Kf6 {(00:
37} 53. Bd4+ {(00:10} Ne5 {(01:02} 54. Bxe5+ {(02:52}
Kxe5 {(00:07} 55. Kxg6 {(00:07} f4 {(00:14} 56. h4 {
(03:02} e3 {(00:33} 57. fxe3 {(00:11} fxe3 {(00:
05} 58. h5 {(00:50} e2 {(00:52} 59. Nf3+ {(00:07} Kf4
{(00:06} 60. h6 {(00:16} Kg3 {(00:18} 61. Ne1 {(
02:43} Kf2 {(00:42} 62. h7 {(00:43} Kxe1 {(00:32} 63.
h8=Q {(00:08} Kf2 {(01:19} 64. Qe5 {(00:26} e1=Q {
(02:37} 65. Qxe1+ {(00:06} Kxe1 {(00:07} 66. g4 {
(00:04} Kf2 {(00:12} 67. g5 {(00:06} Kg3 {(00:
21} 68. Kf6 {(00:12} Kh4 {(00:17} 69. g6 {(00:08} Kh5
{(00:25} 70. g7 {(00:10} 1-0

[Event "42nd Olympiad Baku 2016 Women"]
[Site "Baku"]
[Date "2016.09.08"]
[Round "6.28"]
[White "Nunez Gonzalez, Neeshmy"]
[Black "Espinosa Cancino, Monica"]
[Result "1-0"]
[ECO "D04"]
[WhiteElo "1833"]
[BlackElo "1679"]
[Annotator ""]
[PlyCount "145"]
[EventDate "2016.??.??"]
[EventType "team-tourn"]
[EventCountry "AZE"]
[SourceTitle "playchess.com"]
[Source "ChessBase"]
[WhiteTeam "Costa Rica"]
[BlackTeam "Scotland"]
[WhiteTeamCountry "CRI"]
[BlackTeamCountry "SCO"]
[TimeControl "40/5400+30:1800+30"]

1. d4 {(00:00} d5 {(00:00} 2. Nf3 {(00:00} Nf6 {
(00:00} 3. e3 {(00:00} c6 {(00:08} 4. Bd3 {(00:
00} e6 {(00:17} 5. Nbd2 {(00:51} Be7 {(00:47} 6. O-O {
(00:18} O-O {(00:19} 7. c3 {(00:20} Nbd7 {(01:
50} 8. Re1 {(01:12} b6 {(03:59} 9. e4 {(02:12} dxe4 {
(00:17} 10. Nxe4 {(00:05} Bb7 {(01:23} 11. Qe2 {
(06:12} h6 {(07:00} 12. Ng3 {(06:21} Re8 {(09:
03} 13. Ne5 {(12:02} Bd6 {(11:42} 14. Bc2 {(21:53} Qc7
{(08:25} 15. Nc4 {(12:05} c5 {(12:30} 16. Nxd6 {
(07:17} Qxd6 {(00:08} 17. dxc5 {(06:23} Nxc5 {(
01:54} 18. Be3 {(00:46} Qc6 {(02:25} 19. f3 {(00:09}
Ba6 {(02:26} 20. c4 {(05:21} Nb7 {(07:47} 21. b3 {
(02:34} Rac8 {(05:56} 22. Ne4 {(01:36} Nd7 {(04:
42} 23. Rad1 {(02:42} Re7 {(04:04} 24. Rd2 {(01:30} b5
{(01:25} 25. cxb5 {(01:20} Bxb5 {(00:11} 26. Qf2 {
(00:04} f5 {(04:30} 27. Ng3 {(02:06} a5 {(01:13]
} 28. Bxh6 {(02:26} g6 {(02:53} 29. Bg5 {(00:34} Rh7 {
(00:48} 30. Qe3 {(01:43} Kf7 {(00:54} 31. Nxf5 {
(01:13} gxf5 {(01:20} 32. Red1 {(02:22} Nf6 {(
03:30} 33. Qd4 {(01:22} Ne8 {(00:13} 34. Be3 {(00:54}
Rg7 {(00:50} 35. a4 {(00:19} Ba6 {(00:16} 36. Bh6 {
(00:45} Rh7 {(00:37} 37. Be3 {(00:04} Nf6 {(01:
21} 38. Bg5 {(00:26} Ne8 {(00:12} 39. Be3 {(01:03} Qc7
{(00:52} 40. Bf4 {(00:00} Qc6 {(00:00} 41. Qf2 {
(10:13} Nf6 {(03:14} 42. Be5 {(03:12} Qc5 {(06:
06} 43. Bd4 {(03:07} Qc7 {(02:35} 44. g3 {(01:04} Rch8
{(08:10} 45. Bb6 {(10:11} Qc6 {(01:20} 46. Qe3 {
(05:18} Nd5 {(00:47} 47. Rxd5 {(00:15} exd5 {(
00:08} 48. Re1 {(00:47} Re8 {(01:15} 49. Qxe8+ {(00:49]
} Qxe8 {(00:02} 50. Rxe8 {(00:06} Kxe8 {(00:05} 51.
Bxf5 {(00:05} Be2 {(00:35} 52. Bxh7 {(00:10} Bd1 {
(00:34} 53. Bd3 {(00:37} Bxb3 {(00:26} 54. Bb5+ {
(00:07} Kf7 {(00:25} 55. h4 {(00:19} Ke6 {(02:
45} 56. g4 {(00:42} Ke5 {(00:53} 57. Bc6 {(00:48} Nd6
{(00:08} 58. Bxa5 {(00:32} d4 {(00:55} 59. Kf2 {
(00:30} d3 {(00:42} 60. Bc3+ {(00:18} Kf4 {(00:
22} 61. Bd2+ {(00:12} Ke5 {(00:21} 62. Ke3 {(01:52}
Bc4 {(01:03} 63. f4+ {(00:12} Kf6 {(00:29} 64. Be4 {
(00:43} Bb3 {(00:53} 65. Bc3+ {(00:30} Kf7 {(00:
12} 66. Bxd3 {(00:36} Bxa4 {(00:07} 67. h5 {(00:11}
Ne8 {(01:09} 68. h6 {(00:27} Nf6 {(00:15} 69. g5 {
(01:06} Nd5+ {(00:34} 70. Kd2 {(00:49} Nxc3 {(
01:44} 71. Kxc3 {(00:05} Bd7 {(00:41} 72. g6+ {(00:10}
Kg8 {(00:15} 73. Bc4+ {(00:12} 1-0

[Event "42nd Olympiad Baku 2016 Women"]
[Site "Baku"]
[Date "2016.09.08"]
[Round "6.30"]
[White "O`Gorman, Alice"]
[Black "Bejatovic, Bojana"]
[Result "1-0"]
[ECO "B02"]
[WhiteElo "1781"]
[BlackElo "2063"]
[Annotator ""]
[PlyCount "141"]
[EventDate "2016.??.??"]
[EventType "team-tourn"]
[EventCountry "AZE"]
[SourceTitle "playchess.com"]
[Source "ChessBase"]
[WhiteTeam "Ireland"]
[BlackTeam "Macedonia"]
[WhiteTeamCountry "IRL"]
[BlackTeamCountry "MKD"]
[TimeControl "40/5400+30:1800+30"]

1. e4 {(00:00} Nf6 {(00:00} 2. Nc3 {(00:00} d5 {
(00:00} 3. exd5 {(00:00} Nxd5 {(00:00} 4. Nxd5 {
(00:00} Qxd5 {(00:00} 5. Qf3 {(00:03} Qc5 {(03:
07} 6. c3 {(00:29} e5 {(03:07} 7. b4 {(00:49} Qe7 {
(04:12} 8. Qe3 {(01:34} g6 {(03:54} 9. Nf3 {(01:
58} Bg7 {(00:16} 10. Bc4 {(01:28} Nd7 {(03:47} 11. O-O
{(02:56} O-O {(01:19} 12. Re1 {(04:44} Qd6 {(14:
26} 13. a4 {(06:03} a5 {(04:55} 14. b5 {(08:30} c5 {
(04:09} 15. bxc6 {(08:56} Qxc6 {(02:18} 16. Bb5 {
(02:00} Qc7 {(00:43} 17. Ba3 {(06:27} Re8 {(03:
35} 18. d4 {(08:17} e4 {(01:45} 19. Nd2 {(01:23} f5 {
(04:31} 20. Bc4+ {(05:42} Kh8 {(00:20} 21. Bf7 {
(00:33} Rd8 {(13:24} 22. Be7 {(01:30} Nf8 {(00:
43} 23. Bxd8 {(00:41} Qxf7 {(00:08} 24. f3 {(06:53}
Bd7 {(02:46} 25. Bh4 {(03:06} Bc6 {(05:00} 26. fxe4 {
(11:10} fxe4 {(00:28} 27. Rf1 {(01:37} Qd5 {(06:
18} 28. Bf6 {(04:01} Ne6 {(02:10} 29. Bxg7+ {(00:43}
Kxg7 {(00:37} 30. Rf2 {(01:17} b5 {(09:43} 31. axb5 {
(04:00} Qxb5 {(01:07} 32. Raf1 {(02:11} Rf8 {(
04:03} 33. Rxf8 {(00:27} Nxf8 {(00:00} 34. Nxe4 {(01:
36} Qd5 {(00:19} 35. Qf3 {(01:24} Nd7 {(00:48} 36. Nd2
{(01:26} Qe6 {(00:44} 37. Qf2 {(01:06} a4 {(02:
13} 38. c4 {(01:48} Bb7 {(00:54} 39. Ra1 {(01:03} Qa6
{(00:37} 40. Qe3 {(00:00} Qf6 {(00:00} 41. Nf3 {
(04:11} Bxf3 {(03:54} 42. gxf3 {(00:45} Nb6 {(
00:02} 43. Rc1 {(10:48} a3 {(00:11} 44. Qxa3 {(03:23}
Qxd4+ {(00:04} 45. Kf1 {(01:34} Nxc4 {(00:44} 46. Qc3 {
(02:53} Ne3+ {(01:53} 47. Ke2 {(01:12} Qxc3 {(
01:14} 48. Rxc3 {(00:11} Nd5 {(00:13} 49. Ra3 {(02:14}
Kf6 {(00:31} 50. Kf2 {(01:00} Ke5 {(01:06} 51. Kg3 {
(00:43} Nf6 {(00:25} 52. Ra4 {(01:18} h5 {(01:
07} 53. Ra5+ {(01:35} Nd5 {(00:19} 54. Kh4 {(00:49}
Kd4 {(00:12} 55. Rxd5+ {(04:31} Kxd5 {(00:02} 56. Kg5 {
(00:11} Ke5 {(00:06} 57. Kxg6 {(00:12} h4 {(00:
03} 58. Kg5 {(00:16} h3 {(00:04} 59. f4+ {(00:14} Ke4
{(01:32} 60. f5 {(01:29} Kf3 {(00:03} 61. f6 {(
00:05} Kg2 {(00:03} 62. f7 {(00:05} Kxh2 {(00:04} 63.
f8=Q {(00:06} Kg2 {(00:11} 64. Qa8+ {(00:15} Kg1 {
(00:23} 65. Qa1+ {(00:14} Kg2 {(00:04} 66. Qb2+ {
(00:12} Kg1 {(00:09} 67. Qc1+ {(00:12} Kg2 {(00:
01} 68. Qd2+ {(00:12} Kg1 {(00:04} 69. Qd1+ {(00:31}
Kg2 {(00:05} 70. Qg4+ {(00:10} Kh2 {(00:04} 71. Kh4 {
(00:10} 1-0

[Event "42nd Olympiad Baku 2016 Women"]
[Site "Baku"]
[Date "2016.09.08"]
[Round "6.28"]
[White "Odinaeva, Saodat"]
[Black "Toubal, Hayat"]
[Result "1-0"]
[ECO "D12"]
[WhiteElo "1881"]
[BlackElo "1921"]
[Annotator ""]
[PlyCount "97"]
[EventDate "2016.??.??"]
[EventType "team-tourn"]
[EventCountry "AZE"]
[SourceTitle "playchess.com"]
[Source "ChessBase"]
[WhiteTeam "Tajikistan"]
[BlackTeam "Algeria"]
[WhiteTeamCountry "TJK"]
[BlackTeamCountry "ALG"]
[TimeControl "40/5400+30:1800+30"]

1. d4 {(00:00} d5 {(00:00} 2. Nf3 {(00:00} Nf6 {
(00:02} 3. e3 {(00:13} Bf5 {(01:51} 4. c4 {(00:
22} c6 {(01:46} 5. Nc3 {(00:26} e6 {(01:35} 6. Be2 {
(00:14} Bd6 {(01:46} 7. O-O {(06:01} Nbd7 {(03:
23} 8. b3 {(01:40} O-O {(05:22} 9. Bb2 {(00:36} h6 {
(05:43} 10. Rc1 {(00:32} Qe7 {(00:58} 11. h3 {(
03:12} Rfe8 {(00:48} 12. Bd3 {(05:41} Bxd3 {(18:08}
13. Qxd3 {(02:54} Ba3 {(11:05} 14. Rc2 {(01:17} Rad8 {
(01:03} 15. Ba1 {(02:15} Bd6 {(07:12} 16. e4 {(
11:39} dxe4 {(00:35} 17. Nxe4 {(00:17} Nxe4 {(00:15}
18. Qxe4 {(00:09} Nf6 {(02:56} 19. Qe3 {(02:41} Qc7 {
(04:21} 20. Ne5 {(04:49} Be7 {(09:50} 21. Qf3 {(
05:11} Bd6 {(08:22} 22. Re2 {(01:42} Rf8 {(01:48} 23.
Ng4 {(06:30} Ne8 {(03:07} 24. Ne5 {(09:17} Nf6 {
(01:06} 25. Bb2 {(00:30} Qa5 {(00:34} 26. Bc1 {(
01:45} Be7 {(00:49} 27. Rd1 {(05:11} Nd7 {(02:59} 28.
Qg3 {(03:54} Kh7 {(00:58} 29. Ng4 {(09:02} Qh5 {
(01:32} 30. Qf3 {(02:24} Qa5 {(01:38} 31. d5 {(
02:15} cxd5 {(02:21} 32. cxd5 {(00:16} Nf6 {(00:31}
33. Ne3 {(09:15} e5 {(01:25} 34. Qf5+ {(01:54} Kg8 {
(00:17} 35. Qxe5 {(00:10} Bd6 {(00:14} 36. Qf5 {
(01:12} Qc5 {(01:01} 37. Nc4 {(00:55} Qc7 {(00:
29} 38. Bxh6 {(00:53} gxh6 {(00:36} 39. Qxf6 {(00:05}
Kh7 {(00:18} 40. Re4 {(00:00} Rg8 {(00:00} 41. Qf5+ {
(02:34} Kh8 {(00:59} 42. Ne3 {(02:06} Rg6 {(02:
38} 43. Rg4 {(05:52} Rdg8 {(00:24} 44. Qf3 {(02:30}
Be5 {(04:33} 45. Nf5 {(01:34} b6 {(06:03} 46. Qe3 {
(05:43} h5 {(01:37} 47. Rxg6 {(00:59} Rxg6 {(00:
51} 48. Rc1 {(01:24} Qb8 {(00:39} 49. Ne7 {(00:28} 1-0

[Event "42nd Olympiad Baku 2016 Women"]
[Site "Baku"]
[Date "2016.09.08"]
[Round "6.19"]
[White "Olde, Margareth"]
[Black "Hejazipour, Mitra"]
[Result "1/2-1/2"]
[ECO "A22"]
[WhiteElo "2003"]
[BlackElo "2314"]
[Annotator ""]
[PlyCount "153"]
[EventDate "2016.??.??"]
[EventType "team-tourn"]
[EventCountry "AZE"]
[SourceTitle "playchess.com"]
[Source "ChessBase"]
[WhiteTeam "Estonia"]
[BlackTeam "Iran"]
[WhiteTeamCountry "EST"]
[BlackTeamCountry "IRI"]
[TimeControl "40/5400+30:1800+30"]

1. c4 {(00:00} e5 {(00:08} 2. Nc3 {(00:00} Nf6 {
(00:10} 3. g3 {(00:00} d5 {(00:09} 4. cxd5 {(00:
00} Nxd5 {(00:04} 5. Bg2 {(00:00} Nb6 {(00:06} 6. Nf3
{(00:12} Nc6 {(00:10} 7. O-O {(00:12} Be7 {(00:
11} 8. a3 {(00:21} O-O {(00:22} 9. d3 {(00:37} Re8 {
(00:23} 10. b4 {(00:49} Bf8 {(00:19} 11. Bb2 {(
04:20} a5 {(00:34} 12. b5 {(00:18} Nd4 {(00:08} 13.
Nxd4 {(02:45} exd4 {(00:03} 14. Nb1 {(01:26} a4 {
(01:57} 15. Nd2 {(03:06} Ra5 {(07:05} 16. Nf3 {(
05:37} Bc5 {(00:59} 17. Rc1 {(04:28} Rxb5 {(01:02} 18.
Rc2 {(03:48} Bg4 {(41:41} 19. Qa1 {(19:15} Nc8 {
(10:59} 20. Rfc1 {(07:03} Bb6 {(06:34} 21. h3 {(
03:14} Bxf3 {(05:36} 22. Bxf3 {(00:10} c5 {(02:58} 23.
Bxb7 {(03:13} Ne7 {(00:54} 24. Rb1 {(06:23} Ba5 {
(05:06} 25. Bf3 {(06:51} Qb6 {(01:59} 26. Rf1 {(
02:43} Rb8 {(02:35} 27. Bc1 {(00:29} Rb1 {(06:02} 28.
Qa2 {(00:01} Qb3 {(00:37} 29. Bd2 {(03:22} Rxf1+ {
(02:16} 30. Kxf1 {(00:01} Bc3 {(00:20} 31. Bf4 {
(05:43} Rb5 {(00:05} 32. Bd6 {(03:54} Nc8 {(00:
18} 33. Bc7 {(01:10} Ne7 {(02:32} 34. Bd6 {(03:15} Nf5
{(00:07} 35. Bc7 {(00:29} c4 {(02:22} 36. Be4 {(
04:36} Bb2 {(00:31} 37. Rxb2 {(03:27} Qxb2 {(00:23}
38. Qxb2 {(00:16} Rxb2 {(00:03} 39. dxc4 {(00:19} g6 {
(00:39} 40. g4 {(00:00} Ng7 {(00:00} 41. Bd6 {(
09:07} Ne6 {(09:01} 42. c5 {(09:29} Rb3 {(01:34} 43.
c6 {(00:15} Rc3 {(00:12} 44. Ke1 {(01:10} Nc5 {(
05:29} 45. Bd5 {(02:23} Nb3 {(00:28} 46. f3 {(03:05}
Rc1+ {(00:59} 47. Kf2 {(00:02} d3 {(04:38} 48. exd3 {
(01:23} Nd4 {(00:04} 49. Ke3 {(07:45} Nxc6 {(00:
32} 50. Kd2 {(01:11} Rb1 {(00:38} 51. Bxc6 {(00:33}
Rb6 {(00:02} 52. Bxa4 {(00:06} Rxd6 {(00:03} 53. Bb5 {
(00:23} Kf8 {(01:04} 54. Ke3 {(00:41} Ke7 {(01:
52} 55. a4 {(01:47} g5 {(02:10} 56. Kf2 {(01:18} Kf6 {
(00:31} 57. Bc4 {(01:02} Ke5 {(00:44} 58. Ke3 {(
01:11} f6 {(02:35} 59. a5 {(00:24} Rd7 {(02:51} 60. a6
Re7 {(00:44} 61. Bb3 {(02:40} Kd6+ {(02:22} 62. Kd4 {
(00:37} Re1 {(00:02} 63. Bd5 {(00:30} Ra1 {(00:
39} 64. Bb7 {(00:02} Ra4+ {(00:31} 65. Ke3 {(00:01}
Ke5 {(02:32} 66. d4+ {(00:40} Ke6 {(00:47} 67. Ke4 {
(00:29} Kd6 {(01:09} 68. Kf5 {(00:49} Ke7 {(00:
12} 69. Ke4 {(00:25} Ra5 {(00:33} 70. Bc8 {(00:36} Kd6
{(00:19} 71. Bb7 {(00:36} Kd7 {(00:41} 72. Ke3 {
(00:44} Kc7 {(00:39} 73. Ke4 {(00:17} Kd6 {(00:
31} 74. Bc8 {(00:30} Kc7 {(00:36} 75. Bb7 {(00:05} Kd6
{(00:30} 76. Bc8 {(00:05} Ra1 {(00:29} 77. Bb7 {
(00:28} 1/2-1/2

[Event "42nd Olympiad Baku 2016 Women"]
[Site "Baku"]
[Date "2016.09.08"]
[Round "6.14"]
[White "Omurbekova, Diana"]
[Black "Sotomayor Villatoro, Silvi"]
[Result "1-0"]
[ECO "B40"]
[WhiteElo "1868"]
[BlackElo "1876"]
[Annotator ""]
[PlyCount "53"]
[EventDate "2016.??.??"]
[EventType "team-tourn"]
[EventCountry "AZE"]
[SourceTitle "playchess.com"]
[Source "ChessBase"]
[WhiteTeam "Kyrgyzstan"]
[BlackTeam "Guatemala"]
[WhiteTeamCountry "KGZ"]
[BlackTeamCountry "GUA"]
[TimeControl "40/5400+30:1800+30"]

1. e4 {(00:00} c5 {(00:00} 2. Nf3 {(00:00} e6 {(
00:00} 3. d3 {(00:00} d5 {(00:00} 4. Nbd2 {(00:04} Nc6
{(00:00} 5. g3 {(00:07} Nf6 {(00:12} 6. Bg2 {(
00:11} Be7 {(00:07} 7. O-O {(00:06} O-O {(00:10} 8. e5
{(00:24} Nd7 {(00:11} 9. Re1 {(00:37} Re8 {(00:
57} 10. Nf1 {(00:00} b5 {(00:38} 11. Bf4 {(00:19} a5 {
(02:34} 12. h4 {(00:04} b4 {(03:50} 13. N1h2 {(
00:29} a4 {(05:26} 14. a3 {(03:38} bxa3 {(01:02} 15.
bxa3 {(00:11} Rb8 {(01:14} 16. Ng5 {(09:11} Bxg5 {
(03:14} 17. hxg5 {(00:45} Ne7 {(03:03} 18. Qh5 {
(06:06} Nf5 {(18:01} 19. Ng4 {(04:00} Rb6 {(35:
26} 20. Bf3 {(05:54} Nd4 {(07:37} 21. Bd1 {(01:42} Qe7
{(02:03} 22. Kg2 {(02:56} Bb7 {(00:33} 23. Rh1 {
(02:00} Nf8 {(00:11} 24. Nf6+ {(03:04} gxf6 {(
05:56} 25. gxf6 {(00:07} Qc7 {(04:40} 26. Qg5+ {(00:35]
} Ng6 {(00:34} 27. Qh6 {(00:10} 1-0